 Dungeon Crawl Stone Soup version 0.25-a0-822-g6581751b11 (webtiles) character file.

Game seed: 5661047738695301762, levelgen mode: deterministic

28 Mgcat the Caller (level 3, 0/26 HPs)
             Began as a Hill Orc Summoner on Apr 20, 2020.
             Slain by an adder (4 damage)
             ... on level 3 of the Dungeon.
             The game lasted 00:04:29 (1460 turns).

Mgcat the Caller (Hill Orc Summoner)                Turns: 1460, Time: 00:04:30

Health: 0/26       AC:  2    Str: 11    XL:     3   Next: 12%
Magic:  2/6        EV: 12    Int: 15    God:
Gold:   54         SH:  0    Dex: 11    Spells: 0/6 levels left

rFire    . . .     SeeInvis .   f - +0 short sword
rCold    . . .     Gourm    .   (no shield)
rNeg     . . .     Faith    .   a - +0 robe
rPois    .         Spirit   .   (no helmet)
rElec    .         Reflect  .   (no cloak)
rCorr    .         Harm     .   (no gloves)
MR       .....                  (no boots)
Stlth    ++........             (no amulet)
HPRegen  0.08/turn              (no ring)
MPRegen  0.10/turn              (no ring)

@: lethally poisoned (0 -> -14)
A: no striking features
a: no special abilities


You were on level 3 of the Dungeon.
You were not hungry.

You visited 1 branch of the dungeon, and saw 3 of its levels.

You collected 54 gold pieces.

Inventory:

Hand Weapons
 f - a +0 short sword (weapon)
   (You took it off a kobold on level 1 of the Dungeon)
Armour
 a - a +0 robe (worn)
Scrolls
 g - a scroll of remove curse {unknown}
Potions
 b - a potion of invisibility {unknown}
 d - a potion of curing {unknown}
 e - a potion of heal wounds {unknown}
 h - a potion of might {unknown}
Comestibles
 c - 5 rations


   Skills:
 - Level 1.5 Dodging
 - Level 1.5 Stealth
 + Level 2.2 Spellcasting
 + Level 4.5 Summonings


You couldn't memorise any spells.
You knew the following spells:

 Your Spells              Type           Power        Failure   Level  Hunger
a - Summon Small Mammal   Summ           ###.         3%          1    #......
b - Call Imp              Summ           ###.....     5%          2    ###....
c - Call Canine Familiar  Summ           ###.....     11%         3    ###....

Your spell library contained the following spells:

 Spells                   Type           Power        Failure   Level  Hunger
 Summon Guardian Golem    Hex/Summ       #.......     26%         3    ###....
 Summon Ice Beast         Ice/Summ       #.......     65%         4    #####..
 Summon Lightning Spire   Summ/Air       #.......     65%         4    #####..


Dungeon Overview and Level Annotations

Branches:
Dungeon (3/15)

Altars:
Elyvilon
Gozag

Annotations:
D:3 Ijyb


Message History

r - Retreat! s - Stop attacking. g - Guard the area. f - Follow me.
Anything else - Cancel.
Gang up on whom?
Press: ? - help, Dir - move target cursor, f - worm
Aim: a worm (hasn't noticed you) Attack!
Spoiler Alert: The worm can hit for moderate damage in melee!
Your white imp hits the worm.
Your white imp freezes the worm.
Your white imp barely misses the worm.
The worm bites your white imp.
Your white imp hits the worm.
Your white imp freezes the worm.
Your white imp barely misses the worm.
The worm bites your white imp!
Your white imp hits the worm.
Your white imp freezes the worm.
The worm dies!
Your white imp disappears in a puff of smoke!
Magic restored.
Your white imp disappears in a puff of smoke!
HP restored.
You see here a hunting sling.
You now have 48 gold pieces (gained 11).
Found a stone staircase leading down.
Health restored: 26; MP restored: 6 Unknown command.
Unknown command.
Search for what [Enter for "spear", or ? for help]? armor Unknown command.
Unknown command.
Unknown command.
Unknown command.
Ijyb the Twisted Goblin comes into view.
She is wielding a +0 dagger and carrying a wand of random effects (7).
Marking area around Ijyb as unsafe for travelling.
Lua error: [string "/dgldir/rcfiles/crawl-git/Mgcat.rc"]:930: invalid capture index Unknown command.
Lua error: [string "/dgldir/rcfiles/crawl-git/Mgcat.rc"]:930: invalid capture index Unknown command.
Lua error: [string "/dgldir/rcfiles/crawl-git/Mgcat.rc"]:930: invalid capture index Unknown command.
Spoiler Alert: Ijyb (sleeping) will often zap you with wands!
Unknown command.
Lua error: [string "/dgldir/rcfiles/crawl-git/Mgcat.rc"]:930: invalid capture index Unknown command.
There is a fountain of clear blue water here.
Found an opulent altar of Gozag and a white marble altar of Elyvilon.
You now have 54 gold pieces (gained 6).
An adder comes into view.
The adder hisses angrily.
Spoiler Alert: The adder is fast and can poison!
Casting: Call Imp (safe; 5% risk of failure)
Confirm with . or Enter, or press ? or * to list all spells.
A beastly little devil appears in a puff of flame.
Your crimson imp misses the adder.
You now have 4/6 mp.
Casting: Call Imp (safe; 5% risk of failure)
Confirm with . or Enter, or press ? or * to list all spells.
A shadowy apparition takes form in the air.
Your crimson imp closely misses the adder.
The adder closely misses you.
Your shadow imp gestures at the adder.
The adder barely resists.
Your crimson imp closely misses the adder.
You now have 2/6 mp.
Spoiler Alert: The adder is fast and can poison!
You barely miss the adder. The adder barely misses you. The adder bites you.
You are poisoned.
The adder poisons you!
Your crimson imp blinks!
Your shadow imp barely misses the adder.
You take 4 damage, and have 22/26 hp.
Spoiler Alert: The adder is fast and can poison!
You hit the adder but do no damage.
You feel sick. The adder bites you but does no damage.
You take 1 damage, and have 21/26 hp.
Casting: Call Imp (safe; 5% risk of failure)
Confirm with . or Enter, or press ? or * to list all spells.
The adder bites you. x2
You are more poisoned.
The adder poisons you!
You feel sick. The adder bites you.
Your quokka bites the adder.
Your crimson imp misses the adder.
You take 10 damage, and have 11/26 hp.
MASSIVE DAMAGE!!
You now have 1/6 mp.
Spoiler Alert: The adder is fast and can poison!
You closely miss the adder.
The adder is moderately wounded.
You feel sick. The adder bites you.
* * * LOW HITPOINT WARNING * * *
Your quokka misses the adder.
Your crimson imp hits the adder.
Your shadow imp hits the adder.
The adder bites you.
* * * LOW HITPOINT WARNING * * *
You are more poisoned.
The adder poisons you!
You take 6 damage, and have 5/26 hp.
MASSIVE DAMAGE!!
Spoiler Alert: The adder is fast and can poison!
You barely miss the adder.
The adder is heavily wounded.
* * * LOW HITPOINT WARNING * * *
You feel sick.
Your quokka bites the adder but does no damage.
The adder bites you.
You die...

#.##.##..## # .
#.##.....# #. .
#)#####.## g##
###.#####.# ..
#.........# .
#.#.##.#### #
##.#.##.###### #####
# #....##......#
#....
....####.S@.##......#
#.###
........55r....(....#
#.###
....#####...(.......#
#.##. # #.#.##......#
#.##. #.#.##.######
#.##.
#.#.##.########....
#.#.##.#......####.
#.#.##.#.####.####.
#......#.#.........


You could see an adder, a friendly crimson imp, a friendly shadow imp and a
friendly quokka.

Vanquished Creatures
  An ooze (D:1)
  2 bats
  A hobgoblin (D:1)
  A goblin (D:1)
5 creatures vanquished.

Vanquished Creatures (collateral kills)
  A worm (D:3)
  3 giant cockroaches (D:1)
  3 goblins (D:1)
  7 kobolds
  A ball python (D:1)
  A bat (D:1)
  9 rats
25 creatures vanquished.

Grand Total: 30 creatures vanquished

Notes
Turn   | Place    | Note
-------+----------+-------------------------------------------
     0 | D:1      | Mgcat the Hill Orc Summoner began the quest for the Orb.
     0 | D:1      | Reached XP level 1. HP: 14/14 MP: 3/3
   286 | D:1      | Reached XP level 2. HP: 17/20 MP: 0/4
   290 | D:1      | Learned a level 2 spell: Call Imp
   456 | D:1      | Reached skill level 2 in Spellcasting
  1084 | D:1      | Reached XP level 3. HP: 17/26 MP: 4/6
  1148 | D:1      | Learned a level 3 spell: Call Canine Familiar
  1278 | D:2      | You fall into a shaft and drop 1 floor!
  1370 | D:3      | Noticed Ijyb
  1394 | D:3      | Found an opulent altar of Gozag.
  1394 | D:3      | Found a white marble altar of Elyvilon.
  1459 | D:3      | HP: 6/26 [adder (4)]
  1460 | D:3      | Slain by an adder

Levels and vault maps discovered:
D:1:      lordsloth_arrival_two_stooges, layout_loops_ring, serial_bayou_lake_a
D:2:      layout_rooms, lemuel_doored_altar, first_ration,
          minmay_indecisive_spiral
D:3:      layout_loops_cross, lemuel_coloured_pillars_altar,
          kiku_gazebo_garden_becter, amethyst_overflow_temple_binary,
          uniq_sigmund, uniq_robin, uniq_terence, uniq_ijyb, uniq_natasha

Skill      XL: |  1  2 |
---------------+-------+-----
Spellcasting   | 2 |  2.2
Dodging        | |  1.5
Stealth        | |  1.5
Summonings     | |  4.5

Action                   || total
-------------------------++-------
Melee: Short sword       ||    35
 Cast: Summon Small Mamm ||    24
       Call Imp          ||    16
 Stab: Sleeping          ||     1
  Eat: Ration            ||     1
Armor: Robe              ||    10
Dodge: Dodged            ||    47

Table legend:
 A = Non-vault XP
 B = Vault XP
 C = Vault XP percentage of total XP
 D = Non-vault monster count
 E = Vault monster count
 F = Vault count percentage of total count
                 A         B        C        D         E       F
            +---------+---------+-------+---------+---------+-------
      Total |      40 |       0 |   0.0 |      30 |       0 |   0.0
            +---------+---------+-------+---------+---------+-------
        D:1 |      34 |       0 |   0.0 |      26 |       0 |   0.0
        D:2 |       3 |       0 |   0.0 |       3 |       0 |   0.0
        D:3 |       3 |       0 |   0.0 |       1 |       0 |   0.0
            +---------+---------+-------+---------+---------+-------

Levels and vault maps discovered:
D:1:      lordsloth_arrival_two_stooges, layout_loops_ring, serial_bayou_lake_a
D:2:      layout_rooms, lemuel_doored_altar, first_ration,
          minmay_indecisive_spiral
D:3:      layout_loops_cross, lemuel_coloured_pillars_altar,
          kiku_gazebo_garden_becter, amethyst_overflow_temple_binary,
          uniq_sigmund, uniq_robin, uniq_terence, uniq_ijyb, uniq_natasha

Table legend:
 A = Turns spent in this place as a percentage of turns spent in the entire game.
 B = Non-inter-level travel turns spent in this place as a percentage of non-inter-level travel turns spent in the entire game.
 C = Inter-level travel turns spent in this place as a percentage of turns spent in this place.
 D = Turns resting spent in this place as a percentage of non-inter-level travel turns spent in this place.
 E = Turns spent auto-exploring this place as a percentage of non-inter-level travel turns spent in this place.
 F = Non-inter-level travel turns spent in this place divided by the number of levels of this place that you've seen.
                   A       B       C       D       E      F
               +-------+-------+-------+-------+-------+----------------------
         Total | 100.0 | 100.0 |   1.4 |   2.7 |  74.0 | 480.0
       Dungeon | 100.0 | 100.0 |   1.4 |   2.7 |  74.0 | 480.0
               +-------+-------+-------+-------+-------+----------------------

Table legend:
 A = Kills in this place as a percentage of kills in entire the game.
 B = Kills by you in this place as a percentage of kills by you in the entire game.
 C = Kills by friends in this place as a percentage of kills by friends in the entire game.
 D = Other kills in this place as a percentage of other kills in the entire game.
 E = Experience gained in this place as a percentage of experience gained in the entire game.
 F = Experience gained in this place divided by the number of levels of this place that you have seen.
                   A       B       C       D       E      F
               +-------+-------+-------+-------+-------+----------------------
         Total | 100.0 | 100.0 | 100.0 |   N/A | 100.0 |  13.3
       Dungeon | 100.0 | 100.0 | 100.0 |   N/A | 100.0 |  13.3
               +-------+-------+-------+-------+-------+----------------------
